 Dungeon Crawl Stone Soup version 0.28-a0-1567-g1695149f81 (webtiles) character file.

Game seed: 7237352978461375610

485294 oldriver the Sorcerer (level 23, -6/140 HPs)
             Began as a Deep Elf Fire Elementalist on Jan 19, 2022.
             Was the Champion of Vehumet.
             Killed from afar by a golden dragon (8 damage)
             ... with a bolt of fire
             ... while paralysed by an ogre mage
             ... on level 5 of the Vaults.
             The game lasted 04:32:43 (97059 turns).

oldriver the Sorcerer (Deep Elf Fire Elementalist) Turns: 97059, Time: 04:32:44

Health: -6/140     AC: 22    Str:  7    XL:     23   Next: 78%
Magic:  55/55      EV:  2    Int: 33    God:    Vehumet [******]
Gold:   979        SH:  0    Dex: 16    Spells: 8/74 levels left

rFire   + . .      SeeInvis +   y - staff of death
rCold   + . .      Faith    .   s - +3 buckler
rNeg    + . .      Spirit   .   Q - +4 troll leather armour
rPois   +          Reflect  .   l - +2 helmet
rElec   .          Harm     .   T - +1 cloak
rCorr   .          Rampage  .   z - +0 pair of fencer's gloves {Riposte Dex+3}
Will    +....                   a - +2 pair of boots {Stlth+}
Stlth   ++++++....              (no amulet)
HPRegen 1.13/turn               m - ring "Wexas" {rF+ rC+ Will- AC+4}
MPRegen 0.34/turn               V - ring "Ytege" {rPois Int+3 SInv}

@: paralysed, marked
A: clumsy 1
}: 2/15 runes: decaying, gossamer
a: Renounce Religion


You were on level 5 of the Vaults.
You worshipped Vehumet.
Vehumet was exalted by your worship.
You visited 10 branches of the dungeon, and saw 45 of its levels.
You also visited: Ice Cave and Desolation.

You collected 7218 gold pieces.
You spent 6239 gold pieces at shops.

Inventory:

Hand Weapons
 U - the +11 scimitar of Mial {vorpal, *Noise Will+ Str-2 Int+7}
   (You bought it in a shop on level 2 of the Orcish Mines)

   It inflicts extra damage upon your enemies.
   Str:       It affects your strength (-2).
   Int:       It affects your intelligence (+7).
   *Noise:    It may make noises in combat.
   Will:      It increases your willpower.
Missiles
 A - 9 curare-tipped darts
 F - 5 throwing nets
Armour
 a - a +2 pair of boots of stealth (worn)
 l - a +2 helmet (worn)
 s - a +3 buckler (worn)
 z - the +0 pair of fencer's gloves (worn) {Riposte Dex+3}
   (You bought it in a shop on level 4 of the Vaults)

   It allows the wearer to riposte with melee weapons, swiftly retaliating
   against missed attacks.
   Dex:       It affects your dexterity (+3).
 Q - a +4 troll leather armour (worn)
 T - a +1 cloak (worn)
Magical Staves
 n - a staff of air
 v - a staff of fire
 y - a staff of death (weapon)
Jewellery
 b - the ring "Hoohul" {Will+ MP+9 Str+2}
   (You bought it in a shop on level 2 of the Orcish Mines)

   [ring of magical power]

   Str:       It affects your strength (+2).
   MP:        It affects your magic capacity (+9).
   Will:      It increases your willpower.
 m - the ring "Wexas" (left hand) {rF+ rC+ Will- AC+4}
   (You found it on level 6 of the Lair of Beasts)

   [ring of protection]

   AC:        It affects your AC (+4).
   rF:        It protects you from fire.
   rC:        It protects you from cold.
   Will:      It decreases your willpower.
 w - an amulet of reflection
 V - the ring "Ytege" (right hand) {rPois Int+3 SInv}
   (You bought it in a shop on level 2 of the Orcish Mines)

   [ring of see invisible]

   Int:       It affects your intelligence (+3).
   rPois:     It protects you from poison.
   SInv:      It lets you see invisible.
Wands
 d - a wand of charming (8)
 t - a wand of digging (6)
 u - a wand of iceblast (32)
 Y - a wand of acid (2)
Scrolls
 f - 14 scrolls of teleportation
 j - 4 scrolls of fear
 o - 11 scrolls of immolation
 p - a scroll of enchant armour
 q - 2 scrolls of holy word
 x - a scroll of enchant weapon
 E - 2 scrolls of blinking
 H - 5 scrolls of torment
 L - 6 scrolls of magic mapping
 M - a scroll of amnesia
 N - 4 scrolls of fog
 W - a scroll of summoning
Potions
 c - a potion of haste
 e - 8 potions of lignification
 g - 5 potions of flight
 h - a potion of resistance
 i - 9 potions of heal wounds
 r - 3 potions of magic
 D - 2 potions of brilliance
 G - 5 potions of mutation
 I - 5 potions of curing
 J - 3 potions of might
 O - 2 potions of cancellation
 P - 2 potions of berserk rage
 S - 2 potions of invisibility
 Z - 12 potions of ambrosia
Miscellaneous
 B - a phial of floods
 C - a condenser vane
 R - a lightning rod (4/4)
 X - a box of beasts


   Skills:
 + Level 13.2 Fighting
 - Level 5.0 Armour
 - Level 15.0 Dodging
 - Level 13.0 Stealth
 + Level 14.2 Shields
 + Level 26.1 Spellcasting
 - Level 22.0 Conjurations
 - Level 3.0 Hexes
 - Level 3.0 Summonings
 - Level 3.0 Necromancy
 - Level 2.0 Translocations
 - Level 18.0 Fire Magic
 - Level 6.0 Ice Magic
 - Level 7.0 Air Magic
 - Level 5.0 Earth Magic
 - Level 10.0 Poison Magic


You had 8 spell levels left.
You knew the following spells:

 Your Spells              Type           Power      Damage    Failure   Level
a - Ignition              Fire           52%        3d14      1%          8
b - Conjure Flame         Conj/Fire      100%       6-21      0%          3
c - Freezing Cloud        Conj/Ice/Air   44%        6-21      1%          5
d - Sticky Flame          Conj/Fire      100%       2d11      0%          4
e - Stone Arrow           Conj/Erth      100%       3d13      0%          3
f - Fulminant Prism       Conj/Hex       45%        3d21      1%          4
g - Passwall              Tmut/Erth      46%        N/A       1%          2
h - Orb of Destruction    Conj           56%        9d14      1%          7
i - Ignite Poison         Fire/Tmut/Pois 81%        N/A       1%          3
j - Fire Storm            Conj/Fire      54%        8d14      7%          9
l - Summon Lightning Spi  Summ/Air       66%        N/A       1%          4
o - Olgreb's Toxic Radia  Pois           83%        N/A       1%          4
q - Blink                 Tloc           100%       N/A       1%          2
s - Sublimation of Blood  Necr           76%        N/A       1%          2
x - Starburst             Conj/Fire      54%        6d15      1%          6

Your spell library contained the following spells:

 Spells                   Type           Power      Damage    Failure   Level
 Chain Lightning          Conj/Air       47%        3d63      50%         9
 Polar Vortex             Ice            35%        N/A       100%        9
 Foxfire                  Conj/Fire      100%       2x1d9     0%          1
 Scorch                   Fire           100%       2d10      0%          2
 Static Discharge         Conj/Air       95%        N/A       0%          2
 Flame Wave               Conj/Fire      100%       2d14      0%          4
 Iskenderun's Battlesphe  Conj           100%       2d15      0%          5
 Animate Skeleton         Necr           100%       N/A       1%          1
 Apportation              Tloc           100%       N/A       1%          1
 Beastly Appendage        Tmut           86%        N/A       1%          1
 Freeze                   Ice            100%       1d11      1%          1
 Sandblast                Erth           100%       2d20      1%          1
 Slow                     Hex            100%       N/A       1%          1
 Sting                    Tmut/Pois      100%       1d8       1%          1
 Summon Small Mammal      Summ           100%       N/A       1%          1
 Corpse Rot               Necr/Air       100%       N/A       1%          2
 Poisonous Vapours        Pois/Air       100%       N/A       1%          2
 Wereblood                Tmut           43%        N/A       1%          2
 Frozen Ramparts          Ice            100%       1d12      1%          3
 Inner Flame              Hex/Fire       85%        N/A       1%          3
 Spider Form              Tmut/Pois      66%        N/A       1%          3
 Tukima's Dance           Hex            58%        N/A       1%          3
 Airstrike                Air            36%        N/A       1%          4
 Hailstorm                Conj/Ice       94%        3d19      1%          4
 Iskenderun's Mystic Bla  Conj/Tloc      89%        2d17      1%          4
 Lightning Bolt           Conj/Air       47%        1d68      1%          5
 Anguish                  Hex/Necr       38%        N/A       2%          4
 Dispel Undead            Necr           76%        3d25      2%          4
 Petrify                  Tmut/Erth      56%        N/A       3%          4
 Alistair's Intoxication  Tmut/Pois      44%        N/A       3%          5
 Silence                  Hex/Air        33%        N/A       3%          5
 Passage of Golubria      Tloc           54%        N/A       4%          4
 Borgnjor's Vile Clutch   Necr/Erth      40%        N/A       4%          5
 Metabolic Englaciation   Hex/Ice        32%        N/A       4%          5
 Eringya's Noxious Bog    Tmut/Pois      33%        N/A       5%          6
 Lehudib's Crystal Spear  Conj/Erth      46%        10d11     7%          8
 Summon Mana Viper        Hex/Summ       58%        N/A       8%          5
 Summon Forest            Summ/Tloc      28%        N/A       9%          5
 Manifold Assault         Tloc           54%        N/A       11%         5
 Ozocubu's Refrigeration  Ice            35%        4d12      17%         7
 Death Channel            Necr           38%        N/A       38%         6
 Statue Form              Tmut/Erth      37%        N/A       45%         6
 Storm Form               Tmut/Air       30%        N/A       88%         7
 Enfeeble                 Hex            29%        N/A       92%         7
 Summon Hydra             Summ           29%        N/A       92%         7
 Borgnjor's Revivificati  Necr           38%        N/A       100%        8
 Necromutation            Tmut/Necr      34%        N/A       100%        8
 Death's Door             Necr           38%        N/A       100%        9


Dungeon Overview and Level Annotations

Branches:
Dungeon (15/15)            Temple (1/1) D:6            Lair (6/6) D:8
  Swamp (4/4) Lair:4       Spider (4/4) Lair:4        Slime (0/5) Lair:6
    Orc (2/2) D:11            Elf (3/3) Orc:2        Vaults (5/5) D:14
  Crypt (3/3) Vaults:2       Tomb (0/3) Crypt:3      Depths (2/4) D:15
  IceCv (visited)         Desolation (visited)

Altars:
Ashenzari
Cheibriados
Dithmenos
Elyvilon
Fedhas
Gozag
Kikubaaqudgha
Makhleb
Nemelex Xobeh
Okawaru
Qazlal
Ru
Trog
Uskayaw
Vehumet
Wu Jian
Xom
Yredelemnul
Zin
Beogh

Shops:
D:4 =   Orc:1 (   Orc:2 =*[(   Elf:1 *   Elf:2 *   Vaults:4 *![

Portals:
Hell: Depths:1

Annotations:
D:2 1 runed translucent door, Crazy Yiuf
Lair:1 1 runed translucent door
Lair:5 shadowrider38's ghost, journeyman MfGl
Swamp:2 1 runed translucent door, Ozxa's ghost, adept DjCA
Spider:3 2 transporters, fragbeetle's ghost, adept DrTm
Elf:2 3 runed translucent doors
Vaults:4 2 transporters, exclusion: obsidian statue


Innate Abilities, Weirdness & Mutations

You are clumsy. (Dex -2)


Message History

The bolt hits your red very ugly thing!!
The vault guard blocks your ironbound convoker's attack.
Your ettin hits the deep troll with a +0 dire flail!!!
Your ettin hits the deep troll with a +0 great mace!!
Your red very ugly thing engulfs the hell knight!
The vault guard hits you with a +0 long sword of electrocution!
* * * LOW HITPOINT WARNING * * *
Your yaktaur captain hits the ironbound preserver!!
Your red very ugly thing headbutts the ironbound convoker.
Your frost giant hits the ironbound preserver with a +1 battleaxe of freezing.
Your frost giant freezes the ironbound preserver.
Your frost giant barely misses the orc warrior.
The hell knight hits you but does no damage.
The ironbound preserver hits you with a +0 great mace!!
* * * LOW HITPOINT WARNING * * *
The deep troll bites your ettin! The deep troll claws your ettin!
The deep troll claws your ettin but does no damage.
An orc comes into view.
It is wielding a +0 dagger, wearing a +2 leather armour of poison resistance and quivering silver boomerangs.
The ironbound convoker hits you but does no damage.
The ogre mage mumbles some strange words.
The ogre mage flickers and vanishes for a moment.
The tengu reaver hits you with a +0 long sword!
* * * LOW HITPOINT WARNING * * *
The tengu reaver pecks you but does no damage.
The tengu reaver claws you but does no damage.
The vault warden activates a sealing rune.
Your ironbound convoker hits the vault guard with a +0 great mace!
Your frost giant hits the ironbound preserver with a +1 battleaxe of freezing!!
Your frost giant freezes the ironbound preserver.
Your frost giant hits the orc warrior with a +1 battleaxe of freezing!
Your frost giant freezes the orc warrior.
The vault guard hits you with a +0 long sword of electrocution.
* * * LOW HITPOINT WARNING * * *
Your yaktaur captain hits the ironbound preserver!!
The ironbound preserver dies!
Vehumet accepts your kill.
Your ettin barely misses the deep troll. x2
The golden dragon breathes fire at you. The bolt of fire hits you! You resist.
You die...

#....# W
#.#....# ) ÷
#.#....# C(
#$#.#.(..# .[†
#.#.#.[[u#oH[)
#....[[[[.$$H.
#####OC§§§.[.###
[....§§TDu..[...
[[..[pQ@p§<.[.[.
.[...[up§o.[.[..
......pc)C.[).[.
#####..[[[[.)###
p.C.[[.[L(o
up.#[...#o(..
##[)#.[..#####
#..#..[.#


You could see a golden dragon (sheltered, catching breath), a dread lich
(sheltered), a brown very ugly thing, a stone giant, a vault warden (sheltered),
a tengu reaver (sheltered), 2 vault guards, an orc knight (sheltered), a hell
knight (fast, sheltered), an ogre mage (invisible, sheltered), a deep troll
(sheltered, ally target), an ironbound convoker (sheltered, ally target), an orc
warrior (strong, sheltered), an orc (strong), a friendly frost giant (summoned),
2 friendly very ugly things, a friendly yaktaur captain (summoned), a friendly
ettin (summoned) and a friendly ironbound convoker (summoned).

Vanquished Creatures
  3 dread liches
  Bai Suzhen (Crypt:3)
  Margery (Vaults:3)
  Jory (Crypt:2)
  A bone dragon (Crypt:2)
  2 tentacled monstrosities (Vaults:5)
  Mlioglotl (Spider:4)
  Jorgrun (D:14)
  3 liches
  A deep elf blademaster (Elf:3)
  Asterion (Vaults:3)
  2 deep elf master archers (Elf:3)
  4 sphinxes
  Frances (Spider:1)
  2 titans (Vaults:5)
  4 ancient champions
  A shadow dragon (Vaults:5)
  Agnes (Spider:2)
  Kirke (D:13)
  A storm dragon (Vaults:5)
  A thorn hunter (Swamp:3)
  2 frost giants
  4 tengu reavers
  2 revenants (Crypt:2)
  A fire giant (Depths:1)
  An iron dragon (Vaults:5)
  6 deep elf sorcerers
  4 deep elf elementalists (Elf:3)
  4 emperor scorpions
  4 ghost moths
  2 orc warlords
  13 vault wardens
  8 ghouls
  Louise (Spider:2)
  A broodmother (Lair:4)
  6 curse skulls
  19 ironbound preservers
  8 stone giants
  6 war gargoyles
  2 reapers
  8 ironbound thunderhulks
  9 very ugly things
  6 eleionomae
  Nessos (Lair:6)
  4 deep elf demonologists (Elf:3)
  5 vampire knights
  5 entropy weavers
  2 spark wasps
  4 bunyips
  7 deep elf annihilators (Elf:3)
  7 dire elephants
  An eidolon (Crypt:1)
  Snorg (Orc:1)
  A fire dragon (D:14)
  The ghost of murtidash the Nimble, a journeyman DjWz of Makhleb (Orc:2)
  6 crystal guardians
  8 deep elf death magi
  2 ragged hierophants (Desolation)
  Fannar (Lair:3)
  6 ettins
  3 shambling mangroves
  9 yaktaur captains
  A rakshasa (Depths:1)
  2 quicksilver dragon zombies
  An ice dragon (Depths:1)
  3 great orbs of eyes
  A hell beast (Depths:1)
  A servant of whispers (Desolation)
  2 deep elf high priests
  Harold (D:9)
  3 boulder beetles
  5 ironbound frosthearts
  An ogre mage (D:10)
  25 hydras
  2 ghost crabs (Swamp:1)
  A jorogumo (Spider:2)
  27 vault guards (Vaults:5)
  10 centaur warriors
  2 spriggan skeletons (Crypt:3)
  2 spriggan air magi (Depths:2)
  3 peacekeepers
  A catoblepas (shapeshifter) (Elf:3)
  6 alligators
  The ghost of murtidash the Nimble, a journeyman FeSu of Gozag (Lair:3)
  A two-headed ogre (D:10)
  17 dancing weapons
  2 death knights
  15 death yaks
  5 deep troll shamans
  5 tengu warriors
  3 hell hogs (Depths:1)
  4 deep troll earth magi
  2 titan zombies (Crypt:3)
  A spectral orc (Orc:2)
  2 vampire magi
  A spectral dire elephant (Lair:6)
  16 hell knights
  3 orc high priests (Orc:2)
  An emperor scorpion zombie (Crypt:1)
  4 deep elf knights
  3 spriggan berserkers
  A sun demon (Depths:1)
  3 soul eaters
  2 sun moths
  24 skeletal warriors
  2 salamander mystics (Depths:1)
  4 goliath frogs
  3 iron trolls (Depths:1)
  4 spriggan druids
  6 pharaoh ants
  77 deep trolls
  A spectral anaconda (Lair:6)
  A glowing orange brain (Depths:2)
  10 deep elf archers
  9 swamp dragons
  3 steelbarb worms
  Pikel (D:5)
  2 flayed ghosts
  5 orb spiders
  8 wizards
  8 bog bodies
  An obsidian statue (Lair:6)
  14 ironbound convokers
  7 lindwurms
  15 deep elf zephyrmancers
  14 necromancers
  11 phantasmal warriors
  8 orc knights
  18 deep elf pyromancers
  An iron dragon zombie (Crypt:3)
  21 wolf spiders
  7 harpies (Vaults:3)
  6 will-o-the-wisps
  4 orc sorcerers (Orc:2)
  11 cyclopes
  4 manticores
  36 ugly things
  6 salamanders (Depths:1)
  18 vault sentinels
  A moth of wrath (Spider:1)
  2 ice statues (IceCv)
  9 elephants
  A torpor snail (shapeshifter) (Elf:2)
  4 black mambas
  5 torpor snails
  4 smoke demons
  Psyche (D:8)
  A naga skeleton (Crypt:3)
  A death yak zombie (Crypt:1)
  An iron troll zombie (Crypt:1)
  6 komodo dragons
  15 cane toads
  2 rime drakes
  A kobold demonologist (D:14)
  An unseen horror (D:9)
  4 efreet
  A dire elephant skeleton (Lair:6)
  6 freezing wraiths
  23 yaktaurs
  8 demonic crawlers
  4 ice devils (IceCv)
  A pale draconian skeleton (Crypt:2)
  2 hydra zombies
  2 queen bees (shapeshifter)
  A bloated husk (Swamp:4)
  3 tengu conjurers
  A queen bee (Lair:3)
  28 hornets
  A tyrant leech (shapeshifter) (Elf:1)
  3 trolls
  3 blink frogs (Lair:5)
  16 meliai
  8 tyrant leeches
  5 polar bears
  9 saltlings (Desolation)
  A slime creature (shapeshifter) (Vaults:5)
  A blink frog (shapeshifter) (D:14)
  34 tarantellas
  A hydra skeleton (Crypt:3)
  5 dream sheep (Lair:6)
  44 slime creatures
  2 spectral elephants (Lair:6)
  39 flying skulls
  2 human simulacra
  A meliai zombie (Crypt:2)
  A fire dragon zombie (Crypt:3)
  An alligator zombie (Swamp:4)
  5 air elementals
  28 jumping spiders
  3 shadows (D:10)
  A vampire (D:11)
  8 wraiths
  14 culicivoras
  A guardian serpent skeleton (Crypt:2)
  16 spriggans
  2 dire elephant simulacra
  47 yaks
  A tyrant leech zombie (Crypt:2)
  9 fire bats
  3 water elementals
  2 basilisks
  3 wyverns
  3 hogs (D:13)
  75 redbacks
  A golden eye (shapeshifter) (Elf:2)
  6 fire elementals
  2 steam dragons
  A death yak simulacrum (IceCv)
  A wind drake skeleton (Crypt:1)
  16 swamp worms
  3 spectral cane toads (Lair:6)
  13 vampire mosquitoes
  3 wargs
  A two-headed ogre zombie (D:11)
  2 acid dragons
  8 water moccasins
  Duvessa (D:6)
  3 hell hounds (D:14)
  3 ice beasts
  36 orc warriors
  A swamp dragon zombie (Swamp:4)
  6 black bears
  A sky beast (D:6)
  13 necrophages
  10 swamp drakes
  3 ogres
  A tengu (shapeshifter) (Vaults:2)
  3 alligator simulacra (Swamp:4)
  11 wolves
  14 centaurs
  2 elephant skeletons (Lair:6)
  A boggart (Vaults:1)
  A blink frog skeleton (Crypt:1)
  2 phantoms
  A fire crab zombie (Crypt:2)
  A lemure (D:6)
  2 kobold brigands
  10 bullfrogs
  A komodo dragon skeleton (Crypt:1)
  A wyvern zombie (D:6)
  2 gnoll sergeants (D:8)
  A cane toad simulacrum (Lair:6)
  3 earth elementals
  A two-headed ogre simulacrum (IceCv)
  4 scorpions
  Dowan (D:6)
  An elephant simulacrum (Lair:6)
  4 wights (D:9)
  40 killer bees
  A spriggan zombie (Crypt:2)
  2 troll zombies (D:11)
  A raiju skeleton (Crypt:2)
  4 howler monkeys
  6 electric eels
  2 nameless horrors (Lair:6)
  6 centaur zombies
  A bullfrog zombie (D:5)
  A gnoll shaman (D:8)
  19 orc priests
  A jelly (D:6)
  3 bullfrog skeletons
  3 hounds
  6 iguanas
  27 orc wizards
  A scorpion zombie (Crypt:2)
  7 hell rats (Lair:6)
  A polar bear simulacrum (IceCv)
  3 troll simulacra (IceCv)
  2 wolf simulacra (IceCv)
  4 ogre zombies (D:11)
  An ogre skeleton (Crypt:1)
  A hound zombie (D:3)
  A howler monkey zombie (D:11)
  9 gnolls
  3 adders
  3 naga simulacra (IceCv)
  A shadow imp (D:6)
  3 white imps
  2 ufetubi (IceCv)
  An orc simulacrum (Orc:2)
  An adder zombie (Crypt:2)
  A worm (D:2)
  A dart slug (D:3)
  77 orcs
  8 ball pythons
  13 endoplasms
  6 giant cockroaches
  6 hobgoblins
  A jackal (D:3)
  20 kobolds
  3 quokkas
  8 bats
  10 frilled lizards
  3 goblins
  3 goblin zombies (D:11)
  2 hobgoblin zombies (D:11)
  A jackal zombie (Crypt:2)
  3 orc skeletons (D:11)
  16 orc zombies (D:11)
  6 rats
  A butterfly (Lair:2)
1882 creatures vanquished.

Vanquished Creatures (collateral kills)
  Xtahua (Vaults:3)
  2 liches
  A deep elf blademaster (Elf:3)
  An ancient champion (Crypt:2)
  A revenant (Crypt:1)
  4 emperor scorpions
  A vault warden (Vaults:3)
  A very ugly thing (Vaults:4)
  5 ironbound preservers
  A halazid warlock (Vaults:3)
  A vampire knight (Crypt:2)
  A deep elf annihilator (Elf:1)
  Azrael (D:14)
  A deep elf death mage (Elf:3)
  A yaktaur captain (Vaults:1)
  An ice dragon (D:12)
  A hydra (Lair:6)
  A death knight (D:15)
  A death yak (Lair:6)
  A spriggan berserker (Depths:1)
  2 deep elf knights (Elf:1)
  2 pharaoh ants (Spider:2)
  2 skeletal warriors
  A flayed ghost (Crypt:2)
  7 deep trolls
  2 lindwurms
  4 orb spiders
  A wizard (Vaults:1)
  A bog body (Swamp:2)
  A deep elf archer (Elf:1)
  A swamp dragon (Swamp:3)
  A phantasmal warrior (D:15)
  2 deep elf zephyrmancers
  4 deep elf pyromancers
  An ironbound convoker (Vaults:3)
  A wolf spider (Spider:4)
  A harpy (Vaults:3)
  3 ugly things
  A vault sentinel (Vaults:2)
  An elephant (Lair:6)
  A black mamba (Lair:6)
  A torpor snail (Spider:1)
  2 cane toads (Lair:6)
  2 yaktaurs (Vaults:3)
  A freezing wraith (D:15)
  An anaconda simulacrum (IceCv)
  2 ice devils (IceCv)
  4 hornets
  2 slime creatures
  2 culicivoras (Spider:1)
  4 jumping spiders
  6 yaks (Lair:6)
  2 wraiths
  A dire elephant simulacrum (IceCv)
  9 redbacks
  A swamp worm (Swamp:3)
  2 water moccasins (Lair:6)
  An ice beast (Vaults:2)
  A necrophage (Crypt:1)
  2 scorpions (Spider:2)
  An elephant simulacrum (IceCv)
  A spectral orc (Orc:2)
  A troll simulacrum (Orc:2)
  2 naga simulacra (IceCv)
  An ufetubus (IceCv)
  An orc simulacrum (Orc:2)
  An endoplasm (Lair:6)
  A foxfire (D:7)
123 creatures vanquished.

Vanquished Creatures (others)
  A ghost moth (Spider:4)
  A bloated husk (Swamp:2)
  A vampire mosquito (Swamp:2)
  83 fire vortices
  1075 foxfires
  40 fulminant prisms
  56 fungi
  8 pillars of salt (Vaults:3)
  73 plants
  37 withered plants (Lair:6)
1375 creatures vanquished.

Grand Total: 3380 creatures vanquished

Notes
Turn   | Place    | Note
-------+----------+-------------------------------------------
     0 | D:1      | oldriver the Deep Elf Fire Elementalist began the quest for
                  | the Orb.
     0 | D:1      | Reached XP level 1. HP: 10/10 MP: 6/6
   510 | D:1      | Reached XP level 2. HP: 15/15 MP: 4/8
   583 | D:1      | Learned a level 2 spell: Scorch
  1944 | D:2      | Found a runed translucent door.
  1945 | D:2      | Noticed Crazy Yiuf
  1989 | D:2      | Reached XP level 3. HP: 20/20 MP: 4/9
  2126 | D:2      | Found a faded altar of an unknown god.
  2374 | D:2      | Reached XP level 4. HP: 5/24 MP: 1/11
  3244 | D:3      | Found a basalt altar of Yredelemnul.
  3267 | D:3      | Identified the +4 mace of Bankruptcy {elec, Str+3}
  3324 | D:3      | Reached skill level 1 in Fighting
  3594 | D:3      | Learned a level 2 spell: Blink
  3765 | D:3      | Reached skill level 4 in Spellcasting
  4269 | D:3      | Reached XP level 5. HP: 29/29 MP: 8/13
  5151 | D:4      | Found Aczusch's Jewellery Shoppe.
  5376 | D:4      | Bought a ring of magical power for 200 gold pieces
  5488 | D:4      | Found a glowing silver altar of Zin.
  5761 | D:4      | Found an opulent altar of Gozag.
  5773 | D:4      | Found a sparkling altar of Nemelex Xobeh.
  5804 | D:5      | Entered Level 5 of the Dungeon
  5804 | D:5      | Noticed a necrophage
  5982 | D:5      | Reached skill level 1 in Translocations
  5988 | D:5      | Reached XP level 6. HP: 35/35 MP: 11/14
  6198 | D:5      | Reached skill level 5 in Spellcasting
  6198 | D:5      | Reached XP level 7. HP: 40/40 MP: 16/16
  6997 | D:6      | Reached skill level 5 in Stealth
  6997 | D:6      | Reached skill level 5 in Fire Magic
  7026 | D:6      | Noticed Duvessa
  7030 | D:6      | Noticed Dowan
  7037 | D:6      | Reached skill level 5 in Dodging
  7037 | D:6      | Reached skill level 6 in Spellcasting
  7040 | D:6      | Killed Duvessa
  7041 | D:6      | Reached XP level 8. HP: 44/46 MP: 10/19
  7128 | D:5      | Learned a level 4 spell: Olgreb's Toxic Radiance
  7148 | D:6      | Killed Dowan
  7323 | D:6      | Reached skill level 1 in Poison Magic
  7400 | D:6      | Found a staircase to the Ecumenical Temple.
  7444 | D:6      | Found a burning altar of Makhleb.
  7458 | Temple   | Entered the Ecumenical Temple
  7479 | Temple   | Became a worshipper of Vehumet
  7500 | D:6      | Reached skill level 7 in Spellcasting
  7606 | D:6      | Noticed Pikel
  7638 | D:5      | Killed Pikel
  7639 | D:5      | Reached skill level 8 in Spellcasting
  7783 | D:5      | Learned a level 3 spell: Conjure Flame
  8043 | D:6      | Reached XP level 9. HP: 52/52 MP: 12/23
  8563 | D:6      | Reached skill level 5 in Fighting
  9001 | D:6      | Learned a level 3 spell: Stone Arrow
  9051 | D:6      | Reached skill level 9 in Spellcasting
  9150 | D:7      | Reached skill level 5 in Poison Magic
  9370 | D:7      | Reached skill level 1 in Earth Magic
  9394 | D:7      | Reached * piety under Vehumet
  9394 | D:7      | Offered knowledge of Freeze by Vehumet.
  9572 | D:7      | Reached skill level 5 in Conjurations
 10152 | D:7      | Offered knowledge of Magic Dart by Vehumet.
 10155 | D:7      | Reached ** piety under Vehumet
 10634 | D:8      | Reached XP level 10. HP: 59/59 MP: 25/25
 10845 | D:8      | Noticed Psyche
 10880 | D:7      | Learned a level 2 spell: Passwall
 11051 | D:8      | Reached skill level 10 in Spellcasting
 11186 | D:8      | Noticed a cyclops
 11310 | D:8      | Found a staircase to the Lair.
 11508 | D:8      | Killed Psyche
 11618 | D:8      | Reached skill level 1 in Shields
 11923 | D:8      | Killed a cyclops
 12051 | D:8      | Offered knowledge of Mephitic Cloud by Vehumet.
 12286 | D:8      | Identified the +9 mace "Pid Ojucwa" {vorpal, Int+5}
 12666 | D:9      | Found a shadowy altar of Dithmenos.
 12803 | D:9      | Found a broken altar of Ashenzari.
 12906 | D:9      | Noticed Harold
 13118 | D:9      | Reached *** piety under Vehumet
 13891 | D:9      | Killed Harold
 13892 | D:9      | Reached XP level 11. HP: 64/64 MP: 14/27
 14138 | D:10     | Entered Level 10 of the Dungeon
 14332 | Lair:1   | Entered Level 1 of the Lair of Beasts
 14363 | Lair:1   | Reached skill level 11 in Spellcasting
 14363 | Lair:1   | Offered knowledge of Fulminant Prism by Vehumet.
 14617 | D:10     | Found a bloodstained altar of Trog.
 14892 | D:10     | Learned a level 4 spell: Fulminant Prism
 15440 | D:10     | Noticed a deep elf pyromancer
 15440 | D:10     | Noticed an ogre mage
 15445 | D:10     | Noticed a red ugly thing
 15449 | D:10     | Killed an ogre mage
 15450 | D:10     | Killed a deep elf pyromancer
 15452 | D:10     | Noticed a four-headed hydra
 15465 | D:10     | Killed a four-headed hydra
 15543 | D:10     | Reached **** piety under Vehumet
 15648 | D:10     | Noticed a cyan ugly thing
 15655 | D:10     | Killed a red ugly thing
 15658 | D:10     | Offered knowledge of Lee's Rapid Deconstruction by Vehumet.
 15791 | D:10     | Noticed a centaur warrior
 15870 | D:10     | Killed a cyan ugly thing
 15871 | D:10     | Reached XP level 12. HP: 50/70 MP: 22/29
 16147 | D:10     | Noticed a two-headed ogre
 16151 | D:10     | Killed a two-headed ogre
 16226 | Lair:1   | Reached skill level 12 in Spellcasting
 16440 | Lair:1   | Identified a scroll of acquirement
 16440 | Lair:1   | Acquired 501 gold pieces
 16984 | Lair:1   | Found a runed translucent door.
 17061 | D:10     | Killed a centaur warrior
 17179 | D:10     | Noticed a centaur warrior
 17665 | D:10     | Killed a centaur warrior
 17756 | D:11     | Reached skill level 1 in Hexes
 18035 | D:11     | Reached skill level 10 in Stealth
 18974 | D:11     | Found a staircase to the Orcish Mines.
 19225 | D:11     | Found an iron altar of Okawaru.
 19295 | D:11     | Learned a level 2 spell: Sublimation of Blood
 19297 | Orc:1    | Entered Level 1 of the Orcish Mines
 19317 | Orc:1    | Found Jenti's Weapon Emporium.
 19401 | Orc:1    | Noticed Snorg
 19413 | Orc:1    | Killed Snorg
 19756 | Orc:1    | Reached skill level 1 in Necromancy
 20106 | Orc:2    | Entered Level 2 of the Orcish Mines
 20355 | Orc:2    | Found a staircase to the Elven Halls.
 20402 | Orc:2    | Noticed an orc high priest
 20746 | Orc:2    | Found a runed translucent gate.
 20746 | Orc:2    | Found a runed translucent gate.
 20746 | Orc:2    | Found a runed translucent gate.
 20754 | Orc:2    | Reached skill level 10 in Dodging
 20754 | Orc:2    | Reached skill level 5 in Shields
 21176 | Orc:2    | Noticed an orc high priest
 21181 | Orc:2    | Killed an orc high priest
 21182 | Orc:2    | Reached skill level 5 in Earth Magic
 21360 | Orc:2    | Reached skill level 13 in Spellcasting
 21552 | Orc:2    | Reached ***** piety under Vehumet
 21558 | Orc:2    | Offered knowledge of Orb of Destruction by Vehumet.
 21579 | Orc:2    | Learned a level 7 spell: Orb of Destruction
 21645 | Orc:2    | Reached skill level 10 in Poison Magic
 21802 | Orc:2    | Reached XP level 13. HP: 74/74 MP: 29/32
 22444 | Orc:2    | Noticed an orc warlord
 23539 | Lair:2   | Reached skill level 14 in Spellcasting
 24576 | Lair:3   | Noticed Fannar
 24596 | Lair:3   | Killed Fannar
 24787 | Lair:3   | Offered knowledge of Freezing Cloud by Vehumet.
 24794 | Lair:3   | Learned a level 5 spell: Freezing Cloud
 25247 | Lair:3   | Reached skill level 1 in Air Magic
 25635 | Lair:3   | Found a large runed translucent door.
 25635 | Lair:3   | Found a large runed translucent door.
 25711 | Lair:3   | Noticed murtidash's ghost (journeyman FeSu)
 26049 | Lair:3   | Killed murtidash's ghost
 26699 | Lair:4   | Reached skill level 10 in Conjurations
 27076 | Lair:4   | Reached XP level 14. HP: 82/82 MP: 19/34
 27338 | Lair:4   | Found a staircase to the Swamp.
 27360 | Lair:4   | Reached skill level 5 in Air Magic
 27360 | Lair:4   | Reached XP level 15. HP: 86/86 MP: 35/35
 27725 | Lair:4   | Found a hole to the Spider Nest.
 27730 | Lair:4   | Reached skill level 15 in Spellcasting
 28516 | Lair:5   | Found a runed translucent gate.
 28516 | Lair:5   | Found a runed translucent gate.
 28516 | Lair:5   | Found a runed translucent gate.
 28518 | Lair:5   | Noticed shadowrider38's ghost (journeyman MfGl)
 29565 | Lair:6   | Entered Level 6 of the Lair of Beasts
 29791 | Lair:6   | Noticed Nessos
 29804 | Lair:6   | Killed Nessos
 30083 | Orc:2    | Noticed murtidash's ghost (journeyman DjWz)
 30122 | Orc:2    | Killed an orc warlord
 30348 | Orc:2    | Found Acihol Uptu's General Store.
 30349 | Orc:2    | Found Kamn's Jewellery Shoppe.
 30351 | Orc:2    | Found Wifel's Antique Armour Shoppe.
 30351 | Orc:2    | Found Maatewao's Antique Weapon Emporium.
 30357 | Orc:2    | Bought a fine scimitar for 261 gold pieces
 30357 | Orc:2    | Identified the +11 scimitar of Mial {vorpal, *Noise Will+
                  | Str-2 Int+7} (You bought it in a shop on level 2 of the
                  | Orcish Mines)
 30368 | Orc:2    | Bought the ring "Ytege" {rPois Int+3 SInv} for 487 gold
                  | pieces
 30442 | Orc:2    | Learned a level 4 spell: Summon Lightning Spire
 30452 | Orc:2    | Offered knowledge of Ozocubu's Refrigeration by Vehumet.
 30545 | Orc:2    | Killed murtidash's ghost
 30684 | Orc:2    | Bought the ring "Hoohul" {Will+ MP+9 Str+2} for 552 gold
                  | pieces
 30993 | Lair:6   | Found a staircase to the Slime Pits.
 31578 | Lair:6   | Reached skill level 16 in Spellcasting
 32668 | Lair:6   | Acquired 495 gold pieces
 33235 | Lair:6   | Reached skill level 1 in Summonings
 33483 | Lair:6   | Identified the ring "Wexas" {rF+ rC+ Will- AC+4}
 34106 | D:4      | Bought an amulet of reflection for 300 gold pieces
 34116 | D:4      | Bought a ring of wizardry for 300 gold pieces
 34496 | D:12     | Identified the +1 robe of Xyjiva {Dex+4}
 34749 | D:12     | Offered knowledge of Conjure Ball Lightning by Vehumet.
 34758 | D:12     | Found a sacrificial altar of Ru.
 34855 | D:12     | Found a frozen archway.
 34890 | D:12     | Reached XP level 16. HP: 93/93 MP: 6/38
 35009 | IceCv    | Entered an ice cave
 35214 | IceCv    | Reached skill level 17 in Spellcasting
 36134 | D:12     | You fall into a shaft and drop 2 floors!
 36261 | D:14     | Noticed Jorgrun
 36275 | D:14     | Killed Jorgrun
 36420 | D:14     | Noticed Azrael
 36503 | D:14     | Offered knowledge of Iskenderun's Battlesphere by Vehumet.
 36777 | D:14     | Killed Azrael
 37194 | D:13     | Reached skill level 18 in Spellcasting
 37716 | D:13     | Noticed Kirke
 37860 | D:13     | Killed Kirke
 38846 | D:14     | Found a gate to the Vaults.
 39564 | Spider:1 | Entered Level 1 of the Spider Nest
 39966 | Lair:4   | Reached skill level 5 in Ice Magic
 40328 | Spider:1 | Offered knowledge of Starburst by Vehumet.
 40347 | Spider:1 | Learned a level 6 spell: Starburst
 40856 | Spider:1 | Noticed Frances
 42133 | Spider:1 | Killed Frances
 42729 | Spider:2 | Noticed Louise
 42894 | Spider:2 | Reached XP level 17. HP: 94/99 MP: 22/41
 43458 | Spider:2 | Learned a level 4 spell: Sticky Flame
 43630 | Spider:2 | Noticed Agnes
 43637 | Spider:2 | Killed Agnes
 43910 | Spider:2 | Identified the amulet "Ysecek" {Faith Int+3}
 43919 | Spider:2 | Killed Louise
 44883 | Spider:2 | You fall into a shaft and drop 1 floor!
 45495 | Spider:2 | Reached skill level 19 in Spellcasting
 45929 | Swamp:1  | Entered Level 1 of the Swamp
 46302 | Swamp:1  | Offered knowledge of Maxwell's Capacitive Coupling by
                  | Vehumet.
 46620 | Swamp:1  | Reached skill level 10 in Fire Magic
 46879 | Swamp:1  | Got the Handbook of the Nexus
 48378 | Swamp:2  | Found a runed translucent door.
 48378 | Swamp:2  | Noticed Ozxa's ghost (adept DjCA)
 49284 | Swamp:3  | Found a snail-covered altar of Cheibriados.
 50084 | Swamp:3  | Identified the +3 scale mail "Zeashuhamm" {rC+ Slay+2
                  | Stlth+}
 50191 | Swamp:4  | Entered Level 4 of the Swamp
 50794 | D:14     | Identified the ring of Avymelad {Fly rC+}
 50959 | D:15     | Entered Level 15 of the Dungeon
 51246 | D:15     | Reached ****** piety under Vehumet
 51384 | D:15     | Reached skill level 1 in Armour
 51462 | D:15     | Reached XP level 18. HP: 107/107 MP: 30/43
 51956 | D:15     | Found a staircase to the Depths.
 52462 | Elf:1    | Entered Level 1 of the Elven Halls
 52467 | Elf:1    | Offered knowledge of Fire Storm by Vehumet.
 52467 | Elf:1    | Offered knowledge of Chain Lightning by Vehumet.
 52467 | Elf:1    | Offered knowledge of Polar Vortex by Vehumet.
 52477 | Elf:1    | Learned a level 8 spell: Ignition
 52698 | Elf:1    | Paralysed by an air elemental for 1 turns
 53502 | Elf:1    | Reached skill level 20 in Spellcasting
 53628 | Elf:1    | Found Fyfitz's Assorted Antiques.
 53715 | Elf:1    | Reached skill level 10 in Fighting
 55082 | Spider:3 | Found a transporter.
 55085 | Spider:3 | Noticed fragbeetle's ghost (adept DrTm)
 55094 | Spider:3 | Found a transporter.
 56273 | Spider:4 | Entered Level 4 of the Spider Nest
 57674 | Spider:4 | Reached skill level 15 in Dodging
 58756 | Spider:3 | Upgraded the game from 0.28-a0-1555-g9ae15a6949 to
                  | 0.28-a0-1567-g1695149f81
 58989 | Spider:4 | Noticed Mlioglotl
 59239 | Spider:4 | Noticed a bone dragon
 59244 | Spider:4 | Killed Mlioglotl
 59455 | Spider:4 | Got a gossamer rune of Zot
 60071 | Vaults:1 | Entered Level 1 of the Vaults
 60678 | Vaults:1 | Reached XP level 19. HP: 112/112 MP: 44/45
 61338 | Vaults:1 | Reached skill level 21 in Spellcasting
 63424 | Depths:1 | Entered Level 1 of the Depths
 64459 | Swamp:4  | Reached skill level 15 in Fire Magic
 64602 | Swamp:4  | Reached skill level 10 in Shields
 65116 | Swamp:4  | Reached skill level 22 in Spellcasting
 66046 | Swamp:4  | Got a decaying rune of Zot
 69119 | Vaults:2 | Found a staircase to the Crypt.
 69531 | Vaults:2 | Reached XP level 20. HP: 94/117 MP: 34/48
 70392 | Vaults:3 | Noticed Xtahua
 70696 | Vaults:3 | Killed Xtahua
 70758 | Vaults:3 | Found a crumbling gateway.
 70772 | Desolati | Entered the Desolation of Salt
 70885 | Vaults:3 | Reached skill level 23 in Spellcasting
 72764 | Depths:1 | Found a gateway to Hell.
 73996 | Depths:2 | Noticed a juggernaut
 74535 | Orc:2    | Bought a staff of death for 275 gold pieces
 74857 | Crypt:1  | Entered Level 1 of the Crypt
 74860 | Crypt:1  | Reached skill level 15 in Conjurations
 76623 | Crypt:1  | Paralysed by a vampire knight for 5 turns
 77007 | Crypt:1  | Reached XP level 21. HP: 124/124 MP: 32/50
 77638 | Vaults:3 | Noticed Margery
 78026 | Vaults:3 | Noticed Asterion
 78047 | Vaults:3 | Killed Asterion
 78185 | Vaults:3 | Killed Margery
 78513 | Vaults:3 | Reached skill level 24 in Spellcasting
 81462 | Vaults:4 | Noticed a dread lich
 82499 | Elf:2    | Learned a level 3 spell: Ignite Poison
 82656 | Elf:2    | Found a runed translucent gate.
 82656 | Elf:2    | Found a runed translucent gate.
 82656 | Elf:2    | Found a runed translucent gate.
 82896 | Elf:2    | Found Avixzama's General Store.
 83023 | Elf:3    | Entered Level 3 of the Elven Halls
 84933 | Elf:3    | Identified the +6 hand axe "Jumatymn" {venom, MP-9 Str+3
                  | Dex+8 Stlth-}
 84968 | Elf:3    | Reached XP level 22. HP: 132/132 MP: 39/52
 85492 | Elf:3    | Got Sif Muna's Volume of the Gliding Compass
 85804 | Elf:3    | Identified the +7 arbalest "Waeh" {venom, Fly rC+ rN+
                  | Int-5}
 86021 | Orc:2    | Bought the dreamshard necklace {*Dream Drain} for 3000 gold
                  | pieces
 86021 | Orc:2    | Found the dreamshard necklace {*Dream Drain}
 87475 | Crypt:2  | Noticed Jory
 87501 | Crypt:2  | Paralysed by a vampire knight for 7 turns
 88085 | Crypt:2  | Reached skill level 25 in Spellcasting
 88334 | Crypt:2  | Learned a level 9 spell: Fire Storm
 88957 | Crypt:3  | Entered Level 3 of the Crypt
 89177 | Crypt:2  | Killed Jory
 89349 | Crypt:1  | Found a basalt altar of Yredelemnul.
 91378 | Crypt:3  | Gained mutation: You are clumsy. (Dex -2) [mutagenic glow]
 92619 | Crypt:3  | Found a basalt altar of Yredelemnul.
 92679 | Crypt:3  | Noticed Bai Suzhen
 92683 | Crypt:3  | Killed Bai Suzhen
 92696 | Crypt:3  | Noticed a dread lich
 92924 | Crypt:3  | Found a staircase to the Tomb.
 92937 | Crypt:3  | Killed a dread lich
 94539 | Vaults:4 | Killed a dread lich
 94818 | Vaults:4 | Found Zaareil's Distillery.
 94845 | Vaults:4 | Bought a potion of heal wounds for 55 gold pieces
 94845 | Vaults:4 | Bought a potion of curing for 33 gold pieces
 94845 | Vaults:4 | Bought 2 potions of brilliance for 88 gold pieces
 94845 | Vaults:4 | Bought a potion of magic for 88 gold pieces
 94927 | Vaults:4 | Found Heuceug's General Store.
 94935 | Vaults:4 | Bought the +0 pair of fencer's gloves {Riposte Dex+3} for
                  | 600 gold pieces
 94935 | Vaults:4 | Found the +0 pair of fencer's gloves {Riposte Dex+3}
 95107 | Vaults:4 | Found a transporter.
 95116 | Vaults:4 | Found a transporter.
 95326 | Vaults:4 | Reached XP level 23. HP: 137/137 MP: 47/54
 96698 | Vaults:4 | Found Vaosux's Armour Shoppe.
 96759 | Vaults:5 | Entered Level 5 of the Vaults
 96765 | Vaults:5 | Noticed a dread lich
 96768 | Vaults:5 | Reached skill level 5 in Armour
 96769 | Vaults:5 | Killed a dread lich
 96782 | Vaults:5 | Reached skill level 26 in Spellcasting
 97055 | Vaults:5 | Paralysed by an ogre mage for 7 turns
 97057 | Vaults:5 | Noticed a dread lich
 97059 | Vaults:5 | HP: 4/140 [tengu reaver (13)]
 97059 | Vaults:5 | Killed from afar by a golden dragon

Illustrated notes

Levels and vault maps discovered:
D:1:      saegor_arrival_simple_e, layout_basic
D:2:      layout_loops_cross, basic_ecumenical_altar,
          chequers_serial_rivers_room_a, kennysheep_generic_room_9,
          uniq_crazy_yiuf_cottage
D:3:      layout_basic, amcnicky_altar_gilded, minmay_fractal_squares_diagonal_5
D:4:      layout_basic, grunt_temple_overflow_opulence, zin_scriptorium,
          serial_shops, nicolae_shop_waterfront
D:5:      layout_rooms, minmay_lizard_king
D:6:      layout_loops_ring, nicolae_overflow_crystal_walls, temple_fountains,
          uniq_pikel, uniq_duvessa
D:7:      layout_cave_pools
D:8:      layout_loops_cross, grunt_lair_entry_orc_guard_hut,
          minmay_door_square, hangedman_minor_gate_pass, uniq_psyche
D:9:      layout_roguey, mainiacjoe_overflow_alcove_1,
          nicolae_ashenzari_skybound, uniq_harold
D:10:     layout_long_grid, bloody_trog, hangedman_decor_lopped, minivault_28
D:11:     layout_long_grid, zombieorc2_lemuel, okawaru_altar_gauntlet_db
D:12:     layout_loops_ring, portal_ice_cave_entry_animals_and_master,
          nicolae_ru_sacrificial_ziggurat
D:13:     layout_basic, uniq_kirke
D:14:     layout_roguey, david_vaults_4, chequers_serial_rivers_micro_d,
          minmay_hollow_rounded_squares, uniq_azrael, uniq_jorgrun
D:15:     grunt_enter_depths_snipers, layout_long_grid, minivault_4,
          chequers_serial_rivers_marsh
Temple:   zaba_magenta_temple
Lair:1:   gammafunk_indiana_jones, layout_cave_shapes,
          nicolae_volcano_entry_batcave
Lair:2:   layout_cave_shapes, serial_rivers, chequers_serial_rivers_micro_e,
          chequers_serial_rivers_micro_c, chequers_serial_rivers_small_a,
          chequers_serial_rivers_micro_d, chequers_serial_rivers_large_b,
          chequers_serial_rivers_small_a, lemuel_fruit_fields,
          infiniplex_staircase_pool
Lair:3:   layout_gridlike, ebering_ghost_disaster_area, special_room
          [special_room_bee], chequers_serial_rivers_small_a,
          chequers_serial_rivers_micro_d, uniq_fannar
Lair:4:   layout_cave_pods, swamp_mist, spider_nest_entry_rubble,
          grunt_megastairs_4, serial_bayou_shore_b
Lair:5:   layout_cave_pods, gammafunk_ghost_hydra_chop
Lair:6:   due_jungle_book, layout_regular_city, nicolae_slime_entry_slimehenge,
          disabler_island, uniq_nessos
Swamp:1:  layout_falls_marsh, evilmike_swamp_ruin_house_3
Swamp:2:  layout_basic_swamp, ebering_ghost_inner_flame
Swamp:3:  layout_falls_marsh, evilmike_swamp_ruin_house_2, lemuel_altar_in_water
Swamp:4:  swamp_basic_johnstein, layout_basic_swamp, swamp_pool3,
          nicolae_swamp_necromancer_hut, infiniplex_staircase_pool_2
Spider:1: layout_cave_pods, guppyfry_spider_mini_3, uniq_frances
Spider:2: spiders_nest_scorpion_pit, drop_trap, uniq_louise, uniq_agnes
Spider:3: layout_cave_pods, gammafunk_ghost_arena
Spider:4: grunt_spider_rune_parallel, uniq_mlioglotl
Orc:1:    layout_diamond_mine, serial_shops, nicolae_diamond_shop, uniq_snorg
Orc:2:    st_orc_congregation, layout_diamond_mine, gammafunk_ghost_necromancy,
          mines1_david
Elf:1:    minmay_elf_arrival_summoners, layout_loops_ring, serial_shops, shop,
          minivault_28
Elf:2:    elven_hall_of_blades_hangedman_original [nicolae_blade_tridents],
          layout_geoelf_diagonals, serial_shops, nicolae_lakefront_shop,
          feat_on_display, uniq_aizul
Elf:3:    grunt_elf_hall_diamonds, layout_gridlike
Vaults:1: vaults_room_octagon, v_alt_pattern_5, v_rooms_6,
          nicolae_vaults_diagonal_hallway_7, nicolae_vaults_little_squares_5,
          nicolae_vaults_what_the_h, layout_vaults_quadrants
Vaults:2: st_hourglassy, minmay_crypt_entry_simple_walls,
          hangedman_vaults_slice, ontoclasm_vaults_gateway,
          nicolae_vaults_little_squares_3, hangedman_vaults_slice,
          nicolae_vaults_three_branches, vaults_room_semicircle, serial_ice_g,
          vaults_dpeg_ring, layout_vaults_chaotic_city
Vaults:3: portal_desolation_entry_garden, nicolae_vaults_octagons, v_pattern_1,
          nicolae_vaults_big_ls, v_misc_26, serial_ice_g,
          nicolae_vaults_angled_halls, v_rooms_6, vaults_mumra_chevron_long,
          dpeg_vaults_monster_box, vaults_room_corners, layout_vaults_big_cross,
          uniq_xtahua, uniq_asterion, uniq_margery
Vaults:4: vaults_room_semicircle, gammafunk_sealed_arena,
          nicolae_vaults_triangles, v_misc_27, nicolae_vaults_little_squares_6,
          ontoclasm_vaults_chip, v_misc_27, vaults_room_large_hall,
          nicolae_vaults_border_crossing, dpeg_vaults_monster_row,
          vaults_mumra_lcd, vaults_dpeg_hooks, layout_vaults_omnibox,
          serial_shops, shop, shop, nicolae_shop_advertising_works
          [nicolae_subvault_shop_adworks]
Vaults:5: serial_shops
Crypt:1:  layout_misc_corridors, grunt_ministairs_9,
          amcnicky_mini_rare_corridor_liquid, lemuel_upstairs_altar,
          grunt_megastairs_3
Crypt:2:  layout_basic, serial_sigils, serial_sigils_hangedman_stare,
          serial_sigils_hangedman_carve, serial_sigils_hangedman_writhe,
          serial_sigils_hangedman_clutch, serial_sigils_hangedman_confine,
          serial_sigils_hangedman_gnaw, uniq_jory
Crypt:3:  cryptofortress_bobbens, uniq_bai_suzhen
Depths:1: layout_twisted_cross, hellmouth_3, dk_noncrumbling_4, kennysheep_nub,
          kennysheep_generic_room_4
Depths:2: minmay_central_circle, layout_gridlike,
          nicolae_concentric_dashed_squares_mild, abyss_entry, serial_shops,
          statue_bzr, grunt_hell_entry_dis_mu, rand_demon_pan_entry_1,
          st_stairs_8

Skill      XL: |  1  2  3  4  5  6  7  8  9 10 11 12 13 14 15 16 17 18 19 20 21 22 23 |
---------------+----------------------------------------------------------------------+-----
Stealth        | 3 4 5 6 8 9 10 11 12 13 | 13.0
Conjurations   | 2 3 5 6 7 8 10 12 13 15 18 21 22 | 22.0
Dodging        | 3 4 5 6 7 8 10 11 12 14 15 | 15.0
Fighting       | 1 2 3 4 5 6 7 8 9 10 11 12 13 | 13.2
Spellcasting   | 4 5 6 8 9 10 11 13 14 16 18 19 20 22 23 24 25 26 | 26.1
Fire Magic     | 4 5 9 10 13 15 16 17 18 | 18.0
Translocations | 1 2 |  2.0
Poison Magic   | 4 5 7 8 10 | 10.0
Earth Magic    | 2 3 5 |  5.0
Shields        | 2 4 5 7 8 11 12 13 14 | 14.2
Hexes          | 3 |  3.0
Necromancy     | 3 |  3.0
Air Magic      | 2 5 7 |  7.0
Ice Magic      | 4 5 6 |  6.0
Summonings     | 3 |  3.0
Armour         | 1 3 4 5 |  5.0

Action                   |  1- 3 |  4- 6 |  7- 9 | 10-12 | 13-15 | 16-18 | 19-21 | 22-24 || total
-------------------------+-------+-------+-------+-------+-------+-------+-------+-------++-------
Melee: Mace              |       |     1 |       |       |       |       |       |       ||     1
       Staff             |       |       |       |     2 |     6 |    10 |     5 |     2 ||    25
       Scimitar          |       |       |       |       |       |    28 |     3 |       ||    31
 Cast: Foxfire           |   120 |   155 |   222 |   144 |    17 |       |       |       ||   658
       Scorch            |     9 |    16 |    90 |    40 |     2 |     3 |     1 |       ||   161
       Blink             |       |       |     1 |     2 |     4 |     3 |     3 |       ||    13
       Olgreb's Toxic Ra |       |       |     6 |   154 |   171 |   313 |   215 |    47 ||   906
       Stone Arrow       |       |       |       |   227 |   371 |   758 |   607 |   238 ||  2201
       Conjure Flame     |       |       |       |     3 |       |       |       |       ||     3
       Fulminant Prism   |       |       |       |     3 |    22 |    15 |       |       ||    40
       Freezing Cloud    |       |       |       |       |    58 |    32 |     3 |       ||    93
       Sublimation of Bl |       |       |       |       |     2 |     4 |    13 |     9 ||    28
       Summon Lightning  |       |       |       |       |    23 |   125 |    88 |    27 ||   263
       Orb of Destructio |       |       |       |       |       |    28 |     4 |     5 ||    37
       Starburst         |       |       |       |       |       |    75 |    75 |    46 ||   196
       Sticky Flame      |       |       |       |       |       |     3 |     8 |     1 ||    12
       Ignition          |       |       |       |       |       |     1 |   222 |   111 ||   334
       Ignite Poison     |       |       |       |       |       |       |    55 |    59 ||   114
       Fire Storm        |       |       |       |       |       |       |       |    74 ||    74
Evoke: Box of beasts     |       |       |       |       |       |     1 |       |       ||     1
       Lightning rod     |       |       |       |       |       |     4 |     2 |       ||     6
       Wand              |       |       |       |       |       |     3 |     2 |       ||     5
  Use: Scroll            |       |       |    13 |     6 |    13 |    17 |    11 |     4 ||    64
       Potion            |       |       |       |       |     6 |     3 |     6 |     4 ||    19
Armor: Robe              |     4 |       |    13 |    21 |       |       |       |       ||    38
       Acid dragon scale |       |       |       |    14 |       |       |       |       ||    14
       Troll leather arm |       |       |       |     6 |    38 |   248 |   107 |    90 ||   489
Dodge: Dodged            |     2 |     3 |    27 |    86 |    79 |   394 |   166 |   116 ||   873
Block: Buckler           |       |       |       |    34 |    23 |   256 |   232 |    75 ||   620
       Reflection        |       |       |       |       |     2 |    18 |    34 |     4 ||    58
       Kite shield       |       |       |       |       |       |   103 |       |       ||   103
       Rpst.: Staff      |       |       |       |       |       |       |       |     6 ||     6

Table legend: (Time is in decaauts)
 A = Elapsed time spent in this place.
 B = Non-inter-level travel time spent in this place.
 C = Inter-level travel time spent in this place.
 D = Time resting spent in this place.
 E = Time spent auto-exploring this place.
 F = Levels seen in this place.
 G = Mean time per level.
                   A        B        C        D        E       F      G
               +--------+--------+--------+--------+--------+-----+--------+
         Total |  97732 |  88406 |   9326 |  34400 |  39022 |  47 | 2079.4 |
       Dungeon |  27811 |  24208 |   3603 |   7580 |  12712 |  15 | 1854.1 |
        Temple |     25 |     25 |      0 |      0 |      7 |   1 |   25.0 |
          Lair |  13667 |  12201 |   1466 |   4659 |   5976 |   6 | 2277.8 |
         Swamp |   6952 |   6244 |    708 |   2701 |   2572 |   4 | 1738.0 |
   Spider Nest |  10238 |   9492 |    746 |   3516 |   4270 |   4 | 2559.5 |
  Orcish Mines |   4611 |   3918 |    693 |   1579 |   1577 |   2 | 2305.5 |
   Elven Halls |   6080 |   5780 |    300 |   2070 |   2429 |   3 | 2026.7 |
        Vaults |  14632 |  13423 |   1209 |   5085 |   5961 |   5 | 2926.4 |
         Crypt |  10207 |   9743 |    464 |   5505 |   2601 |   3 | 3402.3 |
        Depths |   2389 |   2256 |    133 |   1208 |    614 |   2 | 1194.5 |
      Ice Cave |   1040 |   1040 |      0 |    445 |    302 |   1 | 1040.0 |
    Desolation |     75 |     75 |      0 |     51 |      0 |   1 |   75.0 |
               +--------+--------+--------+--------+--------+-----+--------+

Top non-repeatable levels by time:
Vaults:3: 4317 daAuts
 Crypt:3: 4157 daAuts
Vaults:2: 3809 daAuts
  Lair:4: 3482 daAuts
 Crypt:1: 3464 daAuts
Vaults:1: 3453 daAuts
  Lair:6: 3140 daAuts
   Orc:2: 3109 daAuts
Spider:2: 3081 daAuts
Vaults:4: 3013 daAuts
Spider:4: 2708 daAuts
 Crypt:2: 2584 daAuts
     D:9: 2503 daAuts
    D:14: 2482 daAuts
     D:8: 2432 daAuts
